 Dungeon Crawl Stone Soup version 0.27-a0-1136-g0b992a5a9d (webtiles) character file.

Game seed: 7882378077843135302

121 reriks the Magician (level 4, 0/24 HPs)
             Began as a Deep Elf Fire Elementalist on May 5, 2021.
             Slain by Terence
             ... wielding a +5 hand axe of electrocution
              (10 damage)
             ... on level 2 of the Dungeon.
             The game lasted 00:01:57 (5446 turns).

reriks the Magician (Deep Elf Fire Elementalist)    Turns: 5446, Time: 00:01:58

Health: 0/24       AC:  2    Str:  5    XL:     4   Next: 77%
Magic:  10/13      EV: 12    Int: 21    God:
Gold:   49         SH:  0    Dex: 15    Spells: 12/13 levels left

rFire    . . .     SeeInvis .   c - +3 dagger
rCold    . . .     Faith    .   (no shield)
rNeg     . . .     Spirit   .   a - +0 robe
rPois    .         Reflect  .   (no helmet)
rElec    .         Harm     .   (no cloak)
rCorr    .         Rampage  .   (no gloves)
Will     .....                  (no boots)
Stlth    ++........             (no amulet)
HPRegen  0.08/turn              (no ring)
MPRegen  0.13/turn              (no ring)

@: no status effects
A: no striking features
a: no special abilities


You were on level 2 of the Dungeon.
You visited 1 branch of the dungeon, and saw 2 of its levels.

You collected 49 gold pieces.

Inventory:

Hand Weapons
 c - a +3 dagger (weapon)
Armour
 a - a +0 robe (worn)
Jewellery
 h - a ring of ice
Scrolls
 e - a scroll of magic mapping {unknown}
 f - 4 scrolls of identify {unknown}
 g - 2 scrolls of teleportation {unknown}
Potions
 b - a potion of attraction {unknown}
 d - a potion of brilliance {unknown}


   Skills:
 - Level 2.4 Dodging
 - Level 2.4 Stealth
 * Level 5.3 Spellcasting
 + Level 2.5 Conjurations
 + Level 4.1 Fire Magic


You had 12 spell levels left.
You knew the following spells:

 Your Spells              Type           Power      Damage    Failure   Level
a - Foxfire               Conj/Fire      76%        2x1d7     2%          1

Your spell library contained the following spells:

 Spells                   Type           Power      Damage    Failure   Level
 Conjure Flame            Conj/Fire      19%        6-21      8%          3
 Inner Flame              Hex/Fire       14%        N/A       13%         3
 Sticky Flame             Conj/Fire      19%        2d4       26%         4
 Fireball                 Conj/Fire      9%         3d6       58%         5


Dungeon Overview and Level Annotations

Branches:
Dungeon (2/15)

Altars:

Annotations:
D:2 Terence


Message History

Done waiting.
You see here the felid skeleton of Natasha.
You see here the felid skeleton of Natasha.
Found a stone staircase leading down.
There is a stone staircase leading down here.
You now have 49 gold pieces (gained 9).
Terence the Incautious comes into view.
He is wielding a +5 hand axe of electrocution and wearing a +2 scale mail of willpower.
Terence shouts!
Terence moves out of view.
Terence is nearby!
Terence is nearby!
Casting: Foxfire (safe; 2% risk of failure)
Confirm with . or Enter, or press ? or * to list all spells.
You conjure some foxfire!
The foxfire hits Terence.
Terence is moderately wounded.
The foxfire hits Terence but does no damage.
Terence is moderately wounded.
Terence says, "Did you write a will?
You should..."
Casting: Foxfire (safe; 2% risk of failure)
Confirm with . or Enter, or press ? or * to list all spells.
You conjure some foxfire!
Terence completely misses you.
Terence hits your foxfire with a +5 hand axe of electrocution.
Lightning courses through your foxfire!
The foxfire hits Terence.
Terence is moderately wounded.
The foxfire hits Terence.
Terence is severely wounded.
Terence hits you with a +5 hand axe of electrocution.
Casting: Foxfire (safe; 2% risk of failure)
Confirm with . or Enter, or press ? or * to list all spells.
You conjure some foxfire!
Terence barely misses you.
Terence hits your foxfire with a +5 hand axe of electrocution.
The foxfire hits Terence but does no damage.
Terence is severely wounded.
The foxfire hits Terence but does no damage.
Terence is severely wounded.
Terence hits you with a +5 hand axe of electrocution!
You are electrocuted!
You die...

#######.#.# ########.#.#
### ..........># #..
########.#.# #.###
#.#.###.#... #.......#..
## ##########.#####.#
..###
...............#@#......
.#########.###..@..#
.#<....# #.# ###§###
..####.# #.# #...
....†..# #.# #####
#..#######.#
.........#.#
.........#.#
>........#.#
.........#'########


You could see Terence.

Vanquished Creatures
  Natasha (thrice) (D:2)
  2 adders (D:2)
  A dart slug (D:2)
  2 endoplasms (D:2)
  A giant cockroach (D:2)
  2 goblins (D:1)
  2 hobgoblins (D:2)
  4 quokkas
  5 ball pythons
  4 frilled lizards
  4 kobolds
  2 rats
32 creatures vanquished.

Vanquished Creatures (others)
  136 foxfires
136 creatures vanquished.

Grand Total: 168 creatures vanquished

Notes
Turn   | Place    | Note
-------+----------+-------------------------------------------
     0 | D:1      | reriks the Deep Elf Fire Elementalist began the quest for
                  | the Orb.
     0 | D:1      | Reached XP level 1. HP: 10/10 MP: 6/6
  1239 | D:1      | Reached XP level 2. HP: 15/15 MP: 4/8
  2019 | D:2      | Reached skill level 4 in Spellcasting
  2019 | D:2      | Reached XP level 3. HP: 19/19 MP: 4/10
  3496 | D:2      | Noticed Natasha
  3505 | D:2      | Killed Natasha
  3506 | D:2      | Reached XP level 4. HP: 15/24 MP: 8/12
  4191 | D:2      | Noticed Natasha
  4193 | D:2      | Killed Natasha
  4194 | D:2      | Reached skill level 5 in Spellcasting
  5152 | D:2      | Noticed Natasha
  5159 | D:2      | Killed Natasha
  5439 | D:2      | Noticed Terence
  5446 | D:2      | Slain by Terence

Illustrated notes

Levels and vault maps discovered:
D:1:      wheals_arrival_linesprint, layout_rooms
D:2:      minmay_door_path, layout_basic, uniq_natasha, uniq_terence

Skill      XL: |  1  2  3  4 |
---------------+-------------+-----
Spellcasting   | 4 5 |  5.3
Conjurations   | 2 |  2.5
Fire Magic     | 4 |  4.1
Dodging        | |  2.4
Stealth        | |  2.4

Action                   |  1- 3 |  4- 6 || total
-------------------------+-------+-------++-------
Melee: Dagger            |     1 |       ||     1
 Cast: Foxfire           |    68 |    22 ||    90
Armor: Robe              |     1 |       ||     1
Dodge: Dodged            |     9 |     3 ||    12

Table legend: (Time is in decaauts)
 A = Elapsed time spent in this place.
 B = Non-inter-level travel time spent in this place.
 C = Inter-level travel time spent in this place.
 D = Time resting spent in this place.
 E = Time spent auto-exploring this place.
 F = Levels seen in this place.
 G = Mean time per level.
                   A        B        C        D        E       F      G
               +--------+--------+--------+--------+--------+-----+--------+
         Total |   5450 |   5393 |     57 |   4132 |    983 |   2 | 2725.0 |
       Dungeon |   5450 |   5393 |     57 |   4132 |    983 |   2 | 2725.0 |
               +--------+--------+--------+--------+--------+-----+--------+

Top non-repeatable levels by time:
     D:2: 3584 daAuts
     D:1: 1866 daAuts
